 Dungeon Crawl Stone Soup version 0.19-a0-854-gc78d25d (webtiles) character file.

11 Implojin the Shield-Bearer (level 2, 0/26 HPs)
             Began as a Minotaur Fighter on July 2, 2016.
             Slain by a worm (8 damage)
             ... on level 2 of the Dungeon.
             The game lasted 00:00:17 (53 turns).

Implojin the Shield-Bearer (Minotaur Fighter)         Turns: 53, Time: 00:00:18

Health: 0/26       AC:  6    Str: 20    XL:     2   Next: 13%
Magic:  1/1        EV:  7    Int:  5    God:
Gold:   0          SH:  9    Dex:  9    Spells: 0 memorised, 1 level left

rFire  . . .     SeeInvis .     a - +0 war axe
rCold  . . .     Gourm    .     b - +0 scale mail
rNeg   . . .     Faith    .     c - +0 shield
rPois  .         Spirit   .     (helmet restricted)
rElec  .         Dismiss  .     (no cloak)
rCorr  .         Reflect  .     (no gloves)
SustAt .         Harm     .     (no boots)
MR     .....                    (no amulet)
Stlth  ..........               (no ring)
                                (no ring)

@: lethally poisoned (0 -> -4), not resistant to hostile enchantments, extremely
unstealthy
A: retaliatory headbutt, horns 2
a: no special abilities


You were on level 2 of the Dungeon.
You were not hungry.

You visited 1 branch of the dungeon, and saw 2 of its levels.

Inventory:

Hand Weapons
 a - a +0 war axe (weapon)
Armour
 b - a +0 scale mail (worn)
 c - a +0 shield (worn)
Scrolls
 g - a scroll of enchant armour {unknown}
Potions
 d - a potion of might
 e - a potion of heal wounds {unknown}
 h - a potion of agility {unknown}
Comestibles
 f - 2 bread rations


   Skills:
 - Level 3.6 Fighting
 * Level 3.4 Axes
 - Level 3.6 Armour
 - Level 3.6 Shields


You had one spell level left.
You didn't know any spells.

Dungeon Overview and Level Annotations

Branches:
Dungeon (2/15)

Altars:


Innate Abilities, Weirdness & Mutations

You reflexively headbutt those who attack you in melee.
You have a pair of horns on your head.


Message History

The worm is moderately wounded.
You closely miss the adder. You hit the goblin.
You kill the goblin!
The adder barely misses you. You block the adder's attack.
You closely miss the adder. Your headbutt misses the adder. You hit the worm.
You block the adder's attack. The worm bites you but does no damage.
The adder closely misses you.
You hit the adder. Your headbutt misses the adder.
The adder is moderately wounded.
Your shield and scale mail prevent you from hitting the worm.
You block the adder's attack. The worm bites you. The adder bites you.
* * * LOW HITPOINT WARNING * * *
You are poisoned.
The adder poisons you!
Your shield prevents you from hitting the adder.
The adder is moderately wounded.
You barely miss the worm.
You feel sick. The adder completely misses you. You block the worm's attack.
The adder barely misses you. You furiously retaliate!
You headbutt the adder.
Unknown command.
You miss the adder.
The adder is almost dead.
You hit the worm.
You feel sick. You block the adder's attack. The worm bites you.
* * * LOW HITPOINT WARNING * * *
The adder bites you but does no damage.
Unknown command.
You slash the adder!
You kill the adder!
Your Axes skill increases to level 3!
You have reached level 2!
Your shield and scale mail prevent you from hitting the worm.
You feel sick. You block the worm's attack.
You hit the worm. You headbutt the worm.
The worm is severely wounded.
You block the worm's attack.
You barely miss the worm.
The worm is heavily wounded.
You feel sick. The worm bites you!
You die...

### #### ..
#.. #. #.#
##'##.#####
#........<#
#....######
#....+
#..@.#
#..w†#
#....#
#....#
#....#
#.....
#.....
+......


You could see a worm.

Vanquished Creatures
  An adder (D:2)
  A hobgoblin (D:2)
  A goblin (D:2)
3 creatures vanquished.

Notes
Turn   | Place    | Note
-------+----------+-------------------------------------------
     0 | D:1      | Implojin the Minotaur Fighter began the quest for the Orb.
     0 | D:1      | Reached XP level 1. HP: 19/19 MP: 0/0
    51 | D:2      | Reached skill level 3 in Axes
    51 | D:2      | Reached XP level 2. HP: 9/26 MP: 1/1
    53 | D:2      | Slain by a worm

Vault maps used:
D:1:      minmay_arrival_semitransparent, minmay_tetromino_o2
D:2:      nicolae_overflow_hidden_temple, first_bread, ecumenical_altar_2,
          okawaru_metal_pillars_1_2

Skill      XL: |  1 |
---------------+----+-----
Axes           | 3 |  3.4
Fighting       | |  3.6
Armour         | |  3.6
Shields        | |  3.6

Action                   || total
-------------------------++-------
Melee: War axe           ||     8
       Headbutt          ||     2
Armor: Scale mail        ||     2
Dodge: Dodged            ||     5
Block: Shield            ||     9

Table legend:
 A = Turns spent in this place as a percentage of turns spent in the entire game.
 B = Non-inter-level travel turns spent in this place as a percentage of non-inter-level travel turns spent in the entire game.
 C = Inter-level travel turns spent in this place as a percentage of turns spent in this place.
 D = Turns resting spent in this place as a percentage of non-inter-level travel turns spent in this place.
 E = Turns spent auto-exploring this place as a percentage of non-inter-level travel turns spent in this place.
 F = Non-inter-level travel turns spent in this place divided by the number of levels of this place that you've seen.
                   A       B       C       D       E      F
               +-------+-------+-------+-------+-------+----------------------
         Total | 100.0 | 100.0 |   0.0 |   0.0 |   0.0 |  26.0
       Dungeon | 100.0 | 100.0 |   0.0 |   0.0 |   0.0 |  26.0
               +-------+-------+-------+-------+-------+----------------------

Table legend:
 A = Kills in this place as a percentage of kills in entire the game.
 B = Kills by you in this place as a percentage of kills by you in the entire game.
 C = Kills by friends in this place as a percentage of kills by friends in the entire game.
 D = Other kills in this place as a percentage of other kills in the entire game.
 E = Experience gained in this place as a percentage of experience gained in the entire game.
 F = Experience gained in this place divided by the number of levels of this place that you have seen.
                   A       B       C       D       E      F
               +-------+-------+-------+-------+-------+----------------------
         Total | 100.0 | 100.0 |  -nan |  -nan | 100.0 |   8.0
       Dungeon | 100.0 | 100.0 |  -nan |  -nan | 100.0 |   8.0
               +-------+-------+-------+-------+-------+----------------------
